 Dungeon Crawl Stone Soup version 0.31.0-12-g77e489cdc1 (webtiles) character file.

Game seed: 7986188267479501943

2264 Gadfly the Skirmisher (level 9, -2/48 (54) HPs)
             Began as a Kobold Hunter on Feb 14, 2024.
             Was a Follower of Okawaru.
             Slain by Jeremiah
             ... wielding a +3 trident of draining
              (10 damage)
             ... on level 6 of the Dungeon.
             The game lasted 00:14:04 (8683 turns).

Gadfly the Skirmisher (Kobold Hunter)               Turns: 8683, Time: 00:14:04

HP:   -2/48 (54)    AC:  6    Str:  8    XL:     9   Next: 65%
MP:   14/14         EV: 18    Int: 11    God:    Okawaru [*.....]
Gold: 397           SH:  0    Dex: 22    Spells: 8/8 levels left

rFire   . . .        a - +0 shortbow (elec)
rCold   . . .        (shield currently unavailable)
rNeg    . . .        c - +0 leather armour
rPois   .            (no helmet)
rElec   .            o - +0 cloak
rCorr   .            h - +1 pair of gloves
SInv    .            (no boots)
Will    .....        (no amulet)
Stlth   +++          (no ring)
HPRegen 0.28/turn    (no ring)
MPRegen 0.14/turn

%: no passive effects
@: heavily drained
A: small, no large weapons, nightstalker 3
a: Renounce Religion, Heroism


You were on level 6 of the Dungeon.
You worshipped Okawaru.
Okawaru was aware of your devotion.
You visited 2 branches of the dungeon, and saw 7 of its levels.
You also visited: Sewer.

You collected 397 gold pieces.

Inventory:

Hand Weapons
 a - a +0 shortbow of electrocution (weapon)
 b - a +2 hand axe of venom
 d - a +0 orcbow
 i - a +2 dagger of electrocution
Armour
 c - a +0 leather armour (worn)
 h - a +1 pair of gloves (worn)
 o - a +0 cloak (worn)
Scrolls
 e - 2 scrolls of poison
 l - a scroll of immolation
 m - a scroll of vulnerability
 n - a scroll of butterflies
 q - 3 scrolls of revelation
 r - a scroll of teleportation
Potions
 f - a potion of cancellation
 g - a potion of resistance
 j - a potion of haste {unknown}
 k - a potion of ambrosia {unknown}
 p - 2 potions of curing


   Skills:
 * Level 5.5 Fighting
 + Level 8.2 Ranged Weapons
 * Level 6.0 Dodging
 - Level 1.3 Stealth
 + Level 6.8 Invocations
 + Level 7.6 Evocations


You had 8 spell levels left.
You didn't know any spells.
Your spell library contained the following spells:

 Spells                   Type           Power      Damage    Failure   Level
 Foxfire                  Conj/Fire      0%         2x1d4     45%         1
 Necrotise                Necr           0%         1d4       45%         1
 Vampiric Draining        Necr           0%         2d6       83%         3
 Curse of Agony           Necr           0%         N/A       100%        5
 Martyr's Knell           Necr/Summ      Unusable   N/A       N/A         4

Dungeon Overview and Level Annotations

Branches:
Dungeon (6/15)             Temple (1/1) D:5           Sewer (visited)

Altars:
Ashenzari
Cheibriados
Dithmenos
Elyvilon
Hepliaklqana
Kikubaaqudgha
Okawaru
Sif Muna
Trog
Yredelemnul
Zin
Lugonu

Annotations:
D:6 Jeremiah


Innate Abilities, Weirdness & Mutations

You are small and have problems with some larger weapons.
You are completely attuned to the shadows.


Message History

Jeremiah hits you with a +3 trident of draining.
You feel drained.
Jeremiah is nearby!
You shoot an arrow.
The arrow hits Jeremiah but does no damage.
Jeremiah is moderately wounded.
The butterfly disappears in a burst of colours! x2
Jeremiah hits you with a +3 trident of draining!
You feel drained.
You are too injured to fight recklessly!
Unknown command.
You are too injured to fight recklessly!
Unknown command.
You aren't carrying any items that you can evoke.
Fire: a) +0 shortbow (elec)
Press: ? - help, Shift-Dir - straight line, f/p - Jeremiah
Aim: Jeremiah, wielding a +3 trident of draining, wearing a +0 robe and wearing an orb of mayhem (moderately wounded, 63% to hit)
You shoot an arrow. The arrow hits Jeremiah.
Jeremiah is moderately wounded.
Jeremiah hits you with a +3 trident of draining!
You feel drained.
Fire: a) +0 shortbow (elec)
Press: ? - help, Shift-Dir - straight line, f/p - Jeremiah
Aim: Jeremiah, wielding a +3 trident of draining, wearing a +0 robe and wearing an orb of mayhem (moderately wounded, 63% to hit)
You shoot an arrow.
The arrow hits Jeremiah but does no damage.
Jeremiah is moderately wounded.
Jeremiah hits you with a +3 trident of draining!
* * * LOW HITPOINT WARNING * * *
You feel drained.
* * * LOW HITPOINT WARNING * * *
Fire: a) +0 shortbow (elec)
Press: ? - help, Shift-Dir - straight line, f/p - Jeremiah
Aim: Jeremiah, wielding a +3 trident of draining, wearing a +0 robe and wearing an orb of mayhem (moderately wounded, 63% to hit)
You shoot an arrow. The arrow hits Jeremiah!
Lightning courses through Jeremiah!!
Jeremiah is almost dead.
Jeremiah hits you with a +3 trident of draining!
You die...
Jeremiah says, "O terrible one, your will is done."

...........#..##....###..#....#
...........#........#....#....#
.......###.#........#....#....#
..####..~..#..##..########....#
~~......~..#..##..#.......#####
~≈≈~....≈..#...#..#..>....#
..≈~≈#.#≈#.#...#..#.......#
..#~##.#≈#.#####.##.......#
###.#..#≈#######@#####....#
#...#..### #.bbbF...'....#
#...#....# 'b.bbbbbb#....#
##..#....# ###b.##..#....#
########## #b.#####)...# .#
≈..# #....# .# #....# .# #....#
.# #....#


You could see Jeremiah.

Vanquished Creatures
  Sigmund (D:2)
  Grinder (D:6)
  An ice beast (D:5)
  A sky beast (D:6)
  2 black bears (D:5)
  An ogre (D:5)
  A centaur (D:5)
  4 kobold brigands (Sewer)
  A brain worm (Sewer)
  A bullfrog (D:6)
  2 scorpions
  2 hounds
  3 bombardier beetles
  3 orc priests
  Crazy Yiuf (D:3)
  3 iguanas
  A sleepcap (D:4)
  4 orc wizards
  10 adders
  12 gnolls
  5 river rats
  A shadow imp (D:6)
  2 ufetubi (D:6)
  11 ribbon worms
  3 dart slugs
  12 orcs
  9 bats
  8 endoplasms
  4 giant cockroaches
  3 goblins (D:1)
  5 hobgoblins
  4 jackals
  4 quokkas
  13 ball pythons
  2 frilled lizards
  9 kobolds
  12 rats
162 creatures vanquished.

Notes
Turn   | Place    | Note
-------+----------+-------------------------------------------
     0 | D:1      | Gadfly the Kobold Hunter began the quest for the Orb.
     0 | D:1      | Reached XP level 1. HP: 12/12 MP: 1/1
   133 | D:1      | Reached skill level 1 in Evocations
   133 | D:1      | Reached XP level 2. HP: 7/18 MP: 2/2
   382 | D:1      | Reached skill level 1 in Invocations
   473 | D:1      | Reached XP level 3. HP: 22/22 MP: 3/3
  1401 | D:2      | Noticed Sigmund
  1411 | D:2      | Killed Sigmund
  1412 | D:2      | Reached skill level 6 in Ranged Weapons
  1412 | D:2      | Reached XP level 4. HP: 18/28 MP: 4/6
  1412 | D:2      | Reached XP level 5. HP: 20/32 MP: 4/7
  1412 | D:2      | Reached XP level 6. HP: 23/37 MP: 4/8
  2785 | D:3      | Reached XP level 7. HP: 41/41 MP: 9/9
  2810 | D:3      | Found a snail-covered altar of Cheibriados.
  2950 | D:3      | You fall into a shaft and drop 3 floors!
  3118 | D:5      | Entered Level 5 of the Dungeon
  3220 | D:5      | Found a glowing drain.
  3226 | Sewer    | Entered a sewer
  3599 | Sewer    | Reached skill level 5 in Evocations
  3599 | Sewer    | Reached XP level 8. HP: 48/48 MP: 11/11
  3966 | Sewer    | Reached skill level 7 in Ranged Weapons
  4210 | D:5      | Reached skill level 5 in Invocations
  4294 | D:5      | Found a basalt altar of Yredelemnul.
  4405 | D:5      | Reached skill level 5 in Dodging
  4630 | D:5      | Found a staircase to the Ecumenical Temple.
  4649 | Temple   | Entered the Ecumenical Temple
  4660 | Temple   | Became a worshipper of Warmaster Okawaru
  4709 | D:5      | Reached XP level 9. HP: 53/53 MP: 13/13
  4940 | D:6      | Noticed Jeremiah
  4941 | D:6      | Noticed Grinder
  5459 | D:3      | Reached skill level 5 in Fighting
  5752 | D:3      | Found a runed translucent door.
  5755 | D:3      | Noticed Crazy Yiuf
  6176 | D:3      | Killed Crazy Yiuf
  7485 | D:6      | Found a shimmering blue altar of Sif Muna.
  7506 | D:6      | Got Sif Muna's Anthology of Combustion
  7883 | D:6      | Reached skill level 8 in Ranged Weapons
  8203 | D:6      | Killed Grinder
  8203 | D:6      | Reached * piety under Okawaru
  8263 | D:6      | Noticed a moth of wrath
  8291 | D:6      | Found a bloodstained altar of Trog.
  8683 | D:6      | Slain by Jeremiah

Illustrated notes

Levels and vault maps discovered:
D:1:      dpeg_arrival_water_altar, layout_basic,
          chequers_serial_rivers_micro_b, serial_park_tiny_pond
D:2:      minmay_general_purpose_star, layout_loops_corners, minmay_tripent,
          uniq_sigmund
D:3:      layout_basic, cheibriados_altar_1, grunt_decor_junction,
          corexii_hall_statues_i, minmay_three_crescents,
          uniq_crazy_yiuf_cottage
D:4:      kennysheep_big_flooded_room, layout_basic
D:5:      layout_cave_pools, mainiacjoe_overflow_paths,
          minmay_temple_entry_fiery, lightli_sewer_entry_pipes
D:6:      layout_gridville, tgw_trog, led_sif_book, serial_rivers,
          chequers_serial_rivers_micro_c, chequers_serial_rivers_micro_b,
          chequers_serial_rivers_micro_b, chequers_serial_rivers_small_a,
          corexii_item_surrounded_by_moat, lightli_minifort, uniq_grinder,
          uniq_jeremiah
Temple:   corrupted_temple

Skill      XL: |  1  2  3  4  5  6  7  8  9 |
---------------+----------------------------+-----
Evocations     | 1 3 4 5 6 7 |  7.6
Invocations    | 1 2 3 4 5 6 |  6.8
Fighting       | 3 4 5 |  5.5
Ranged Weapons | 6 7 8 |  8.2
Dodging        | 3 4 5 6 |  6.0
Stealth        | |  1.3

Action                     |  1- 3 |  4- 6 |  7- 9 || total
---------------------------+-------+-------+-------++-------
  Melee: Hand axe          |       |       |     5 ||     5
         Shortbow          |       |       |     2 ||     2
   Fire: Shortbow          |    55 |    95 |   365 ||   515
    Use: Scroll            |     4 |     3 |     7 ||    14
         Potion            |     4 |     1 |     1 ||     6
   Stab: Sleeping          |       |       |     1 ||     1
 Armour: Leather armour    |     9 |    35 |    97 ||   141
  Dodge: Dodged            |    10 |    64 |   187 ||   261
